 Dungeon Crawl Stone Soup version 0.29-a0-323-g050149af67 (webtiles) character file.

Game seed: 3053355208466315023

873 spaghetti the Cultivator (level 7, -7/50 HPs)
             Began as a Demonspawn Brigand on Apr 11, 2022.
             Was a Believer of Fedhas.
             Mangled by a boulder beetle (20 damage)
             ... on level 6 of the Dungeon.
             The game lasted 00:09:10 (6279 turns).

spaghetti the Cultivator (Demonspawn Brigand)       Turns: 6279, Time: 00:09:11

Health: -7/50      AC: 13    Str: 17    XL:     7   Next: 74%
Magic:  7/10       EV: 11    Int: 13    God:    Fedhas [**....]
Gold:   236        SH:  5    Dex: 16    Spells: 1/6 levels left

rFire   + . .      SeeInvis .   y - +1 dagger (pain) {short}
rCold   + + .      Faith    .   p - +0 buckler
rNeg    . . .      Spirit   .   n - +2 ring mail {rPois}
rPois   +          Reflect  .   (no helmet)
rElec   .          Harm     .   c - +0 cloak
rCorr   .          Rampage  .   o - +1 pair of gloves
Will    .....                   (no boots)
Stlth   ++........              (no amulet)
HPRegen 0.16/turn               l - ring of protection from fire
MPRegen 0.12/turn               z - ring "Tiagy" {rC+ Str+6}

@: no status effects
A: yellow scales 2, ignite blood 1, powered by death 1, cold resistance 1,
mutation resistance 1
a: Renounce Religion, Wall of Briars


You were on level 6 of the Dungeon.
You worshipped Fedhas.
Fedhas was pleased with you.
You visited 1 branch of the dungeon, and saw 6 of its levels.

You collected 236 gold pieces.


Innate Abilities, Weirdness & Mutations

You are mostly covered in yellow scales. (AC +3)
Your demonic aura sometimes causes spilled blood to erupt in flames.
You regenerate a little health from kills.
Your flesh is cold resistant. (rC+)
You are somewhat resistant to further mutation.


   Skills:
 - Level 2.0 Fighting
 + Level 4.8 Short Blades
 + Level 2.2 Throwing
 + Level 3.3 Dodging
 - Level 3.6 Stealth
 + Level 2.5 Shields
 + Level 2.8 Necromancy
 + Level 5.2 Invocations


You had one spell level left.
You knew the following spells:

 Your Spells              Type           Power      Damage    Failure   Level
a - Agony                 Necr           7%         N/A       100%        5

Your spell library contained the following spells:

 Spells                   Type           Power      Damage    Failure   Level
 Pain                     Necr           28%        1d5       24%         1
 Magic Dart               Conj           0%         1d3       61%         1
 Call Imp                 Summ           0%         N/A       75%         2
 Searing Ray              Conj           0%         2d4       75%         2
 Mephitic Cloud           Conj/Pois/Air  0%         N/A       93%         3
 Fulminant Prism          Conj/Hex       0%         3d6       100%        4
 Excruciating Wounds      Necr           3%         N/A       100%        5
 Iskenderun's Battlesphe  Conj           0%         2d6       100%        5
 Iron Shot                Conj/Erth      0%         9d1       100%        6
 Spellforged Servitor     Conj/Summ      0%         N/A       100%        7

Inventory:

Hand Weapons
 a - a +2 dagger {short}
 y - a +1 dagger of pain (weapon) {short}
   (You found it on level 4 of the Dungeon)
Missiles
 d - 5 poisoned darts {throwing}
 e - a curare-tipped dart {=fthrowing}
 j - 244 stones (quivered) {throwing}
Armour
 b - a +0 robe
 c - a +0 cloak (worn)
 n - a +2 ring mail of poison resistance (worn)
   (You found it on level 1 of the Dungeon)
 o - a +1 pair of gloves (worn)
   (You found it on level 3 of the Dungeon)
 p - a +0 buckler (worn)
   (You found it on level 2 of the Dungeon)
 x - a +0 kite shield
   (You found it on level 4 of the Dungeon)
Jewellery
 l - a ring of protection from fire (left hand)
   (You found it on level 1 of the Dungeon)
 z - the ring "Tiagy" (right hand) {rC+ Str+6}
   (You found it on level 5 of the Dungeon)

   [ring of strength]

   Str:       It affects your strength (+6).
   rC:        It protects you from cold.
Scrolls
 g - 11 scrolls of identify {unknown}
 h - a scroll of amnesia {unknown}
 i - a scroll of immolation {unknown}
 k - a scroll of vulnerability {unknown}
 m - a scroll of blinking {unknown}
 q - a scroll of fog {unknown}
 r - 2 scrolls of teleportation {unknown}
 s - a scroll of summoning {unknown}
 u - 3 scrolls of fear {unknown}
 w - a scroll of noise {unknown}
Potions
 f - 4 potions of curing {@q1}
 t - a potion of berserk rage {unknown}
 v - a potion of brilliance {unknown}

Dungeon Overview and Level Annotations

Branches:
Dungeon (6/15)             Temple (0/1) D:4

Altars:
Ashenzari
Cheibriados
Fedhas
Qazlal
Ru
Vehumet

### #(#..######.# #.# #.# #(#..#
#.# #.# ..#### .######.#..#
#.####.# #....###............#
#......# #....##...######.####
########.# #....##..# ##'####
#......#.# #.#####..# #P.P..#
#.####.#.# #.# #..# #PBP..# #.#
#.#.. #.#####..## #P@P..# #.#
#....
#.........######'#######.#######.
#..#####...................# #.
..).......##.#.#.##.......## #.
##..#####.##.#.#.#####.#### #<
##..# #.##.#.#.#####.# #.
.#..#####.##.#.#.......# #.
.#........##.#.#....##.# #.
...#.....###.#.+....##.# #.


You could see a boulder beetle (very poisoned, ally target).


Message History

😕 HP[-7]
You take 7 damage, and now have 43/50 hp.
You are too injured to fight recklessly!
You are too injured to fight recklessly!
You are too injured to fight recklessly!
You are too injured to fight recklessly!
You are too injured to fight recklessly!
You are too injured to fight recklessly!
You are too injured to fight recklessly!
You miss the water moccasin.
The water moccasin bites you but does no damage.
You miss the water moccasin. The water moccasin barely misses you.
You hit the water moccasin.
The water moccasin writhes in agony.
The water moccasin completely misses you.
The water moccasin bites you but does no damage.
You barely miss the water moccasin.
The water moccasin bites you but does no damage.
You closely miss the water moccasin. The water moccasin bites you. 😕 HP[-1]
You take 1 damage, and now have 42/50 hp.
You hit the water moccasin.
The water moccasin bites you but does no damage.
You miss the water moccasin.
The water moccasin bites you but does no damage. 😕 HP[+1]
You hit the water moccasin.
The water moccasin bites you but does no damage.
You miss the water moccasin. The water moccasin closely misses you.
You completely miss the water moccasin.
The water moccasin bites you but does no damage. x2
You hit the water moccasin.
The water moccasin is engulfed in blazing flames.
The water moccasin bites you but does no damage.
You hit the water moccasin.
The water moccasin writhes in agony.
The water moccasin is engulfed in blazing flames.
You kill the water moccasin!
Fedhas appreciates your contribution to the ecosystem. 😕 HP[+1]
You start resting. 😎 HP[+6]
Your hp is fully restored (50).
Key pressed, stopping explore.
You see here a +0 flail {mace}.
You open the door.
There is an open door here.
Found a stone staircase leading up.
There is a stone staircase leading up here.
You open the door.
There is an open door here.
A boulder beetle comes into view.
The boulder beetle curls into a ball and begins rolling!
There is an open door here.
Unknown command.
You aren't carrying any items that you can evoke.
Unknown command.
Throw: 2 darts (curare) {=fthrowing}
Press: ? - help, Shift-Dir - straight line, f - boulder beetle
Aim: a boulder beetle (rolling, 90% to hit)
You throw a curare-tipped dart {=fthrowing}.
The curare-tipped dart {=fthrowing} hits the boulder beetle.
The boulder beetle is poisoned.
The boulder beetle convulses.
The boulder beetle seems to slow down.
Throw: 9 darts (poison) {throwing}
Press: ? - help, Shift-Dir - straight line, f/p - boulder beetle
Aim: a boulder beetle (lightly wounded, rolling, very poisoned, slow, 90% to hit)
You throw a poisoned dart {throwing}.
The poisoned dart {throwing} hits the boulder beetle.
The boulder beetle looks even sicker.
Throw: 8 darts (poison) {throwing}
Press: ? - help, Shift-Dir - straight line, f/p - boulder beetle
Aim: a boulder beetle (lightly wounded, rolling, very poisoned, slow, 90% to hit)
You throw a poisoned dart {throwing}.
The poisoned dart {throwing} hits the boulder beetle.
Throw: 7 darts (poison) {throwing}
Press: ? - help, Shift-Dir - straight line, f/p - boulder beetle
Aim: a boulder beetle (lightly wounded, rolling, very poisoned, slow, 90% to hit)
You throw a poisoned dart {throwing}.
The poisoned dart {throwing} hits the boulder beetle.
The boulder beetle looks as sick as possible!
Throw: 6 darts (poison) {throwing}
Press: ? - help, Shift-Dir - straight line, f/p - boulder beetle
Aim: a boulder beetle (moderately wounded, rolling, extremely poisoned, slow, 90% to hit)
You throw a poisoned dart {throwing}.
The poisoned dart {throwing} hits the boulder beetle.
You see here a +0 plate armour.
A briar patch grows up from the ground. x7
The boulder beetle is no longer moving slowly.
The boulder beetle hits you!!!
Ouch! That really hurt!
* * * LOW HITPOINT WARNING * * *
The boulder beetle stops rolling and uncurls. 😱 HP[-38] MP[-3]
You take 38 damage, and now have 12/50 hp.
MASSIVE DAMAGE!! (PAUSE)
You lost 3 mp, and now have 7/10 mp.
You walk carefully through the plants. 😨 HP[+1]
You open the door. The boulder beetle bites you!!
You die...
Fedhas appreciates your contribution to the ecosystem.

Skill      XL: |  1  2  3  4  5  6  7 |
---------------+----------------------+-----
Short Blades   | 2 3 4 |  4.8
Invocations    | 2 3 4 5 |  5.2
Dodging        | 1 2 3 |  3.3
Shields        | 1 2 |  2.5
Necromancy     | 2 |  2.8
Throwing       | 2 |  2.2
Fighting       | |  2.0
Stealth        | |  3.6

Action                   |  1- 3 |  4- 6 |  7- 9 || total
-------------------------+-------+-------+-------++-------
Melee: Dagger            |   145 |   234 |    69 ||   448
       Punch             |     1 |       |       ||     1
Throw: Dart              |     1 |    26 |     5 ||    32
       Stone             |       |    11 |     8 ||    19
Invok: Wall of Briars    |       |     5 |     2 ||     7
  Use: Potion            |       |     6 |       ||     6
 Stab: Sleeping          |     8 |     3 |       ||    11
Armor: Robe              |     9 |       |       ||     9
       Ring mail         |    34 |   148 |    23 ||   205
Dodge: Dodged            |    70 |   108 |    25 ||   203
Block: Buckler           |     8 |    32 |     8 ||    48

Levels and vault maps discovered:
D:1:      matt_arrival_refuge, layout_basic,
          dreamdust_ecumenical_altar_drowned_temple, minmay_unequal
D:2:      layout_loops_corners
D:3:      layout_basic, marbit_many_paths, uniq_jessica
D:4:      layout_basic, grunt_temple_overflow_forces_of_nature,
          mainiacjoe_overflow_alcove_4, fiery_altar_vehumet, slow_altar_1,
          minmay_temple_entry_junction_2
D:5:      layout_layer_cave
D:6:      layout_basic, pdpol_wu_jian_five_deadly_venoms

Notes
Turn   | Place    | Note
-------+----------+-------------------------------------------
     0 | D:1      | spaghetti the Demonspawn Brigand began the quest for the
                  | Orb.
     0 | D:1      | Reached XP level 1. HP: 16/16 MP: 1/1
     0 | D:1      | magus.rc [v1.9.6]
    47 | D:1      | Reached skill level 2 in Short Blades
   147 | D:1      | Gained mutation: You are partially covered in yellow
                  | scales. (AC +2) [demonic ancestry]
   147 | D:1      | Reached XP level 2. HP: 21/22 MP: 2/2
   421 | D:1      | Found a faded altar of an unknown god.
   443 | D:1      | Reached skill level 3 in Short Blades
   448 | D:1      | Prayed at the altar of an unknown god.
   448 | D:1      | Became a worshipper of Fedhas Madash
   448 | D:1      | Reached * piety under Fedhas
  1008 | D:2      | Reached XP level 3. HP: 24/27 MP: 3/3
  1180 | D:2      | Reached skill level 1 in Invocations
  1925 | D:2      | Reached ** piety under Fedhas
  1926 | D:2      | Reached skill level 2 in Invocations
  2110 | D:3      | You pick up a book of Pain and begin reading...
  2110 | D:3      | You add the spells Pain, Agony and Excruciating Wounds to
                  | your library.
  2124 | D:3      | Gained mutation: You regenerate a little health from kills.
                  | [demonic ancestry]
  2124 | D:3      | Reached XP level 4. HP: 25/33 MP: 5/5
  2257 | D:3      | Reached skill level 1 in Dodging
  2269 | D:3      | Reached skill level 3 in Invocations
  2305 | D:3      | Gained mutation: Your flesh is cold resistant. (rC+)
                  | [potion of mutation]
  2305 | D:3      | Gained mutation: You are somewhat resistant to further
                  | mutation. [potion of mutation]
  2578 | D:3      | Gained mutation: You are mostly covered in yellow scales.
                  | (AC +3) [demonic ancestry]
  2578 | D:3      | Reached XP level 5. HP: 28/38 MP: 7/7
  2695 | D:3      | Noticed Jessica
  2707 | D:3      | Killed Jessica
  2708 | D:3      | Reached skill level 4 in Short Blades
  2779 | D:3      | Found a broken altar of Ashenzari.
  2966 | D:3      | You pick up a book of Conjurations {@e2} and begin
                  | reading...
  2966 | D:3      | You add the spells Magic Dart, Searing Ray and Fulminant
                  | Prism to your library.
  3001 | D:3      | Reached skill level 2 in Dodging
  3267 | D:4      | Found a sacrificial altar of Ru.
  3283 | D:4      | Found a stormy altar of Qazlal.
  3288 | D:4      | Found a blossoming altar of Fedhas.
  3410 | D:4      | Found a snail-covered altar of Cheibriados.
  3544 | D:4      | You pick up a book of Minor Magic and begin reading...
  3544 | D:4      | You add the spells Call Imp and Mephitic Cloud to your
                  | library.
  3632 | D:4      | Found a radiant altar of Vehumet.
  3634 | D:4      | Found a staircase to the Ecumenical Temple.
  3900 | D:5      | Entered Level 5 of the Dungeon
  4159 | D:5      | You pick up a book of Power and begin reading...
  4159 | D:5      | You add the spells Iskenderun's Battlesphere, Iron Shot and
                  | Spellforged Servitor to your library.
  4173 | D:5      | Reached XP level 6. HP: 18/44 MP: 4/8
  4177 | D:5      | Reached skill level 4 in Invocations
  4177 | D:5      | HP: 8/44 [orc priest/divine providence (12)]
  4181 | D:5      | Reached skill level 1 in Shields
  4328 | D:5      | Reached skill level 1 in Necromancy
  4536 | D:5      | Noticed a water moccasin
  4556 | D:5      | Killed a water moccasin
  4788 | D:5      | Reached skill level 2 in Necromancy
  4788 | D:5      | Gained mutation: Your demonic aura sometimes causes spilled
                  | blood to erupt in flames. [demonic ancestry]
  4788 | D:5      | Reached XP level 7. HP: 33/48 MP: 10/10
  5023 | D:5      | Reached skill level 3 in Dodging
  5023 | D:5      | Reached skill level 2 in Shields
  5507 | D:5      | Identified the ring "Tiagy" {rC+ Str+6}
  5922 | D:6      | Reached skill level 2 in Throwing
  5922 | D:6      | Reached skill level 5 in Invocations
  5930 | D:6      | Learned a level 5 spell: Agony
  6269 | D:6      | Noticed a boulder beetle
  6277 | D:6      | HP: 12/50 [boulder beetle (38)]
  6279 | D:6      | Mangled by a boulder beetle

Vanquished Creatures
  2 water moccasins
  An ice beast (D:6)
  A necrophage (D:5)
  A jelly (D:5)
  2 orc priests
  A gnoll shaman (D:5)
  Jessica (D:3)
  2 orc wizards (D:3)
  2 gnolls (D:5)
  5 adders
  A white imp (D:6)
  2 ufetubi (D:5)
  3 worms
  2 dart slugs (D:1)
  7 orcs
  7 ball pythons
  4 bats
  5 endoplasms
  A giant cockroach (D:2)
  7 hobgoblins
  3 jackals
  A quokka (D:1)
  5 frilled lizards
  7 goblins
  11 kobolds
  A rat (D:3)
  A spectral hobgoblin (D:1)
86 creatures vanquished.

Vanquished Creatures (collateral kills)
  A water moccasin (D:5)
  An orc wizard (D:5)
  2 gnolls (D:5)
  An orc (D:5)
5 creatures vanquished.

Grand Total: 91 creatures vanquished

Table legend:
 A = Non-vault XP
 B = Vault XP
 C = Vault XP percentage of total XP
 D = Non-vault monster count
 E = Vault monster count
 F = Vault count percentage of total count
                 A         B        C        D         E       F
            +---------+---------+-------+---------+---------+-------
      Total |    1200 |      48 |   3.8 |      85 |       6 |   6.6
            +---------+---------+-------+---------+---------+-------
        D:1 |      29 |       4 |  12.1 |      15 |       3 |  16.7
        D:2 |      47 |       0 |   0.0 |      17 |       0 |   0.0
        D:3 |     155 |      39 |  20.1 |      22 |       2 |   8.3
        D:4 |      39 |       5 |  11.4 |       9 |       1 |  10.0
        D:5 |     634 |       0 |   0.0 |      18 |       0 |   0.0
        D:6 |     296 |       0 |   0.0 |       4 |       0 |   0.0
            +---------+---------+-------+---------+---------+-------

Illustrated notes

Table legend:
 A = Kills in this place as a percentage of kills in entire the game.
 B = Kills by you in this place as a percentage of kills by you in the entire game.
 C = Kills by friends in this place as a percentage of kills by friends in the entire game.
 D = Other kills in this place as a percentage of other kills in the entire game.
 E = Experience gained in this place as a percentage of experience gained in the entire game.
 F = Experience gained in this place divided by the number of levels of this place that you have seen.
                   A       B       C       D       E      F
               +-------+-------+-------+-------+-------+----------------------
         Total | 100.0 | 100.0 | 100.0 |   N/A | 100.0 | 208.0
       Dungeon | 100.0 | 100.0 | 100.0 |   N/A | 100.0 | 208.0
               +-------+-------+-------+-------+-------+----------------------

Table legend: (Time is in decaauts)
 A = Elapsed time spent in this place.
 B = Non-inter-level travel time spent in this place.
 C = Inter-level travel time spent in this place.
 D = Time resting spent in this place.
 E = Time spent auto-exploring this place.
 F = Levels seen in this place.
 G = Mean time per level.
                   A        B        C        D        E       F      G
               +--------+--------+--------+--------+--------+-----+--------+
         Total |   6202 |   6021 |    181 |    822 |   4257 |   6 | 1033.7 |
       Dungeon |   6202 |   6021 |    181 |    822 |   4257 |   6 | 1033.7 |
               +--------+--------+--------+--------+--------+-----+--------+

Top non-repeatable levels by time:
     D:5: 1799 daAuts
     D:2: 1183 daAuts
     D:4: 1072 daAuts
     D:1: 874 daAuts
     D:3: 856 daAuts
     D:6: 415 daAuts
